 Dungeon Crawl Stone Soup version 0.29.0-4-gdea44cf6ec (webtiles) character file.

Game seed: 12032147972512120507

61 qw the Chopper (level 4, -13/26 HPs)
             Began as a Tengu Warper on Aug 28, 2022.
             Killed by divine providence
             ... invoked by an orc priest
              (14 damage)
             ... on level 2 of the Dungeon.
             The game lasted 00:00:08 (1575 turns).

qw the Chopper (Tengu Warper)                       Turns: 1575, Time: 00:00:09

Health: -13/26     AC: 16    Str: 14    XL:     4   Next: 7%
Magic:  8/8        EV:  0    Int: 13    God:
Gold:   71         SH:  0    Dex: 13    Spells: 7/7 levels left

rFire   . . .      SeeInvis .   Y - +0 hand axe
rCold   . . .      Faith    .   (no shield)
rNeg    . . .      Spirit   .   e - +0 crystal plate armour
rPois   .          Reflect  .   (helmet restricted)
rElec   .          Harm     .   (no cloak)
rCorr   .          Rampage  .   f - +0 pair of gloves
Will    .....                   (boots unavailable)
Stlth   ..........              (no amulet)
HPRegen 0.08/turn               (no ring)
MPRegen 0.11/turn               (no ring)

@: no status effects
A: beak, talons 3
a: no special abilities


You were on level 2 of the Dungeon.
You visited 1 branch of the dungeon, and saw 2 of its levels.

You collected 71 gold pieces.


Innate Abilities, Weirdness & Mutations

You have a beak for a mouth.
You have claws for feet.


   Skills:
 - Level 2.0 Fighting
 - Level 4.0 Axes
 - Level 1.0 Throwing
 + Level 2.5 Armour
 - Level 2.1 Dodging
 - Level 2.0 Spellcasting
 - Level 2.4 Translocations


You had 7 spell levels left.
You didn't know any spells.
Your spell library contained the following spells:

 Spells                   Type           Power      Damage    Failure   Level
 Blink                    Tloc           14%        N/A       100%        2
 Gell's Gravitas          Tloc           7%         N/A       100%        3
 Lesser Beckoning         Tloc           7%         N/A       100%        3
 Teleport Other           Tloc           7%         N/A       100%        3
 Manifold Assault         Tloc           7%         N/A       100%        5

Inventory:

Hand Weapons
 m - a +0 mace
 Y - a +0 hand axe (weapon)
Armour
 e - a +0 crystal plate armour (worn)
 f - a +0 pair of gloves (worn)
Potions
 d - a potion of brilliance {unknown}
 h - a potion of curing {unknown}
 i - a potion of heal wounds {unknown}

Dungeon Overview and Level Annotations

Branches:
Dungeon (2/15)

Altars:

Annotations:
D:2 Terence


Message History

The orc hits you but does no damage. x2
You barely miss the orc.
The orc is heavily wounded.
The orc hits you but does no damage.
The orc wizard gestures wildly while chanting.
The orc wizard flickers and vanishes!
Deactivating autopickup; reactivate with Ctrl-A.
You hit the orc but do no damage. You peck the orc, but do no damage.
The orc is heavily wounded.
The orc hits you but does no damage.
You hit the orc.
The orc is severely wounded.
The orc hits you but does no damage.
You barely miss the orc.
The orc is severely wounded.
The orc hits you but does no damage.
The orc priest looks braver for a moment.
You hit the orc but do no damage. Your kick misses the orc.
You peck the orc, but do no damage.
The orc is severely wounded.
The orc hits you but does no damage.
You hit the orc.
You kill the orc!
Your Axes skill increases to level 4!
You hit Terence. You peck Terence, but do no damage.
Terence is lightly wounded.
Terence hits you but does no damage.
You hit Terence but do no damage.
Terence is lightly wounded.
Terence hits you with a +1 flail of protection!
You hit Terence but do no damage.
Terence is lightly wounded.
Terence hits you with a +1 flail of protection.
You slash Terence! Your peck misses Terence.
Terence is moderately wounded.
Terence hits you with a +1 flail of protection.
The orc priest invokes the aid of Beogh against you.
Beogh smites you!
Ouch! That really hurt!
You die... ...... #.. ..... #.# .... ... .oo

#.# o. #.##
######. #..##
.......##...#####
.....oo@@........
.....####...#####
... #..##.## .
#....#.#
#########.##
#.......#.#
#<#####.#.#
#..####.#...#.#.#
#.........#.%...#


You could see Terence, an orc priest and an orc.

Vanquished Creatures
  An orc wizard (D:2)
  A worm (D:2)
  An orc (D:2)
  4 bats (D:1)
  2 endoplasms (D:1)
  A giant cockroach (D:1)
  2 hobgoblins
  2 jackals (D:1)
  A kobold (D:1)
  A quokka (D:1)
  4 ball pythons
  A frilled lizard (D:1)
  7 goblins (D:1)
  3 rats (D:1)
31 creatures vanquished.

Notes
Turn   | Place    | Note
-------+----------+-------------------------------------------
     0 | D:1      | qw the Tengu Warper began the quest for the Orb.
     0 | D:1      | Reached XP level 1. HP: 12/12 MP: 4/4
     0 | D:1      | 0 ||| qw: Version: 0.1-a-89-g26bdef1
     0 | D:1      | 0 ||| qw: Game counter: 1522
     0 | D:1      | 0 ||| qw: Always use a shield: true
     0 | D:1      | 0 ||| qw: God list: Okawaru
     0 | D:1      | 0 ||| qw: Allow faded altars: false
     0 | D:1      | 0 ||| qw: Do Orc after D:15 true
     0 | D:1      | 0 ||| qw: Do second Lair branch before Depths: true
     0 | D:1      | 0 ||| qw: Lair rune preference: random
     0 | D:1      | 0 ||| qw: Plans: Normal
     0 | D:1      | 0 ||| PLANNING D:1-11
     6 | D:1      | Noticed a polar bear
     6 | D:1      | Noticed a salamander
     7 | D:1      | Noticed a redback
   209 | D:1      | 209 ||| Stepping ~*~*~tactically~*~*~ (stealth).
   211 | D:1      | 211 ||| Stepping ~*~*~tactically~*~*~ (stealth).
   219 | D:1      | Reached XP level 2. HP: 17/17 MP: 6/6
   220 | D:1      | Reached skill level 3 in Axes
   709 | D:1      | Reached XP level 3. HP: 21/21 MP: 7/7
  1112 | D:1      | 1112 ||| DROPPING +0 club.
  1151 | D:1      | 1151 ||| UPGRADING to +0 pair of gloves.
  1156 | D:1      | 1156 ||| READING 2 scrolls labelled MOUDISHRYGE.
  1157 | D:1      | 1157 ||| READING scroll labelled MARIHI ULIA.
  1160 | D:1      | 1160 ||| READING scroll labelled BORUCRI LOOWNOA.
  1277 | D:1      | 1277 ||| READING scroll labelled JOCWIDW EFOISTRACH.
  1277 | D:1      | Identified a scroll of acquirement
  1277 | D:1      | 1277 ||| ACQUIRING +0 crystal plate armour
  1277 | D:1      | Acquired a +0 crystal plate armour
  1279 | D:1      | 1279 ||| UPGRADING to +0 crystal plate armour.
  1289 | D:1      | 1289 ||| DROPPING +0 leather armour.
  1290 | D:1      | 1290 ||| READING scroll labelled JIFOGG AKLEU.
  1291 | D:1      | 1291 ||| DRINKING 2 grey potions.
  1308 | D:1      | 1308 ||| DROPPING scroll of amnesia.
  1309 | D:1      | 1309 ||| DROPPING scroll of blinking.
  1310 | D:1      | 1310 ||| DROPPING potion of lignification.
  1552 | D:2      | 1552 ||| Stepping ~*~*~tactically~*~*~ (hiding).
  1555 | D:2      | Noticed Terence
  1560 | D:2      | Reached XP level 4. HP: 17/26 MP: 8/8
  1560 | D:2      | 1560 ||| Stepping ~*~*~tactically~*~*~ (hiding).
  1572 | D:2      | Reached skill level 4 in Axes
  1574 | D:2      | HP: 6/26 [Terence/+1 flail of protection (4)]
  1575 | D:2      | HP: 1/26 [Terence/+1 flail of protection (5)]
  1575 | D:2      | Killed from afar by an orc priest

Levels and vault maps discovered:
D:1:      onia_arrival_zoo_common, layout_basic, serial_curves, eino_curves_04,
          eino_curves_01, roderic_serpentine_path, serial_bayou_pond_e
D:2:      cheibrodos_pilgrimage, layout_loops_corners,
          shapermc_ecumenical_altar_totnotflames, basic_altar, uniq_terence

Skill      XL: |  1  2  3  4 |
---------------+-------------+-----
Axes           | 3 4 |  4.0
Armour         | 2 |  2.5
Fighting       | |  2.0
Throwing       | |  1.0
Dodging        | |  2.1
Spellcasting   | |  2.0
Translocations | |  2.4

Action                   |  1- 3 |  4- 6 || total
-------------------------+-------+-------++-------
Melee: Hand axe          |    64 |    15 ||    79
       Kick              |    16 |     2 ||    18
       Peck              |     5 |     3 ||     8
Throw: Boomerang         |     7 |       ||     7
  Use: Scroll            |     5 |       ||     5
       Potion            |     1 |       ||     1
Armor: Leather armour    |    13 |       ||    13
       Crystal plate arm |     5 |    11 ||    16
Dodge: Dodged            |    24 |     1 ||    25

Table legend:
 A = Non-vault XP
 B = Vault XP
 C = Vault XP percentage of total XP
 D = Non-vault monster count
 E = Vault monster count
 F = Vault count percentage of total count
                 A         B        C        D         E       F
            +---------+---------+-------+---------+---------+-------
      Total |      50 |      38 |  43.2 |      29 |       2 |   6.5
            +---------+---------+-------+---------+---------+-------
        D:1 |      42 |       0 |   0.0 |      26 |       0 |   0.0
        D:2 |       8 |      38 |  82.6 |       3 |       2 |  40.0
            +---------+---------+-------+---------+---------+-------
